[Event "Titled Tuesday Blitz March 14 Early 2023"]
[White "Atakhan, Abtin"]
[Black "Pranav, V"]
[WhiteFideId "22502203"]
[BlackFideId "25060783"]
[WhiteElo "2008"]
[BlackElo "2500"]
[Result "1-0"]
[Round "05"]
[TimeControl "180+2"]
[Date "2023.03.14"]
[WhiteClock "0:00:03"]
[BlackClock "0:00:03"]

1. c4 e5 2. Nc3 Nc6 3. Nf3 g6 4. d4 exd4 5. Nxd4 Bg7 6. Nxc6 bxc6 7. g3 d6 8. Bg2 Bd7 9. O-O Ne7 10. Qd2 O-O 11. b3 Nf5 12. Bb2 h5 13. h4 Re8 14. Rad1 a5 15. Ne4 Qe7 16. e3 a4 17. Bxg7 Kxg7 18. b4 f6 19. Nc3 Qf7 20. c5 Rad8 21. Nxa4 d5 22. Nb2 Ra8 23. a4 Red8 24. Qc3 Ne7 25. Ra1 Bg4 26. Nd3 Kh6 27. Nc1 g5 28. hxg5+ fxg5 29. Nd3 Ng6 30. f4 Qe7 31. fxg5+ Qxg5 32. Nf4 Ne5 33. b5 cxb5 34. axb5 Rxa1 35. Qxa1 Rg8 36. b6 Bc8 37. bxc7 h4 38. gxh4 Qg7 39. Qa2 Qg3 40. Qxd5 Qxe3+ 41. Kh1 Rg4 42. Qd6+ Kh7 43. Qe7+ Rg7 44. Qf6 Ng4 45. Qc6 Nf2+ 46. Rxf2 Qxf2 47. Be4+ Kh8 48. Qe8+ Rg8 49. Qh5+ Kg7 50. Qh7+ Kf6 51. Qh6+ Ke5 52. Nd3+ Kxe4 53. Nxf2+ Kf3 54. Qf6+ 1-0


[Site "https://www.chess.com"]

[Event "Titled Tuesday Blitz March 14 Early 2023"]
[White "Zamorano, Jorge"]
[Black "Bortnyk, Olexandr"]
[WhiteFideId "173770"]
[BlackFideId "14120828"]
[WhiteElo "2331"]
[BlackElo "2734"]
[Result "0-1"]
[Round "05"]
[TimeControl "180+2"]
[Date "2023.03.14"]
[WhiteClock "0:00:01"]
[BlackClock "0:00:18"]

1. d4 d6 2. c4 e5 3. Nf3 e4 4. Ng5 f5 5. Nc3 Be7 6. h4 g6 7. Bf4 Nf6 8. e3 c6 9. Be2 h6 10. Nh3 Be6 11. d5 Bf7 12. Bg3 cxd5 13. cxd5 O-O 14. Nf4 Nbd7 15. O-O Ne5 16. Ne6 Bxe6 17. dxe6 Nfg4 18. Bxe5 Nxe5 19. g3 Bxh4 20. gxh4 Qxh4 21. f4 exf3 22. Bxf3 Qg3+ 23. Kh1 f4 24. e7 Rf5 25. Ne4 Qh4+ 26. Kg1 fxe3 27. Qd5+ Kg7 28. Qe6 Nxf3+ 29. Rxf3 Rxf3 0-1


[Site "https://www.chess.com"]

[Event "Titled Tuesday Blitz March 14 Early 2023"]
[White "Seo, Jung Min"]
[Black "Sjugirov, Sanan"]
[WhiteFideId "1734687"]
[BlackFideId "4189302"]
[WhiteElo "2468"]
[BlackElo "2569"]
[Result "1-0"]
[Round "05"]
[TimeControl "180+2"]
[Date "2023.03.14"]
[WhiteClock "0:00:07"]
[BlackClock "0:00:02"]

1. d4 Nf6 2. c4 e6 3. Nf3 d5 4. Nc3 c6 5. e3 Nbd7 6. Qc2 Bd6 7. b3 O-O 8. Be2 b6 9. O-O Bb7 10. Bb2 Qc7 11. Rad1 Rfe8 12. Rfe1 Rad8 13. Bf1 dxc4 14. bxc4 e5 15. h3 a6 16. Na4 e4 17. Nd2 c5 18. Nb3 Bc6 19. dxc5 Bh2+ 20. Kh1 Bxa4 21. cxb6 Nxb6 22. g3 Bxg3 23. fxg3 Qxg3 24. Qg2 Nh5 25. c5 Nd5 26. Bd4 Qc7 27. Qg5 g6 28. Bc4 Bc6 29. Rg1 Ng7 30. Ba1 Ne6 31. Qh6 Qe7 32. Rdf1 Qf8 33. Rxg6+ fxg6 34. Rxf8+ Rxf8 35. Nd4 Nxd4 36. Bxd4 Rd7 37. Qg5 Rf5 38. Qg3 h5 39. Qb8+ Rf8 40. Qe5 Kh7 41. Qe6 1-0


[Site "https://www.chess.com"]

[Event "Titled Tuesday Blitz March 14 Early 2023"]
[White "Ider, Borya"]
[Black "Krysa, Leandro"]
[WhiteFideId "4901134"]
[BlackFideId "116807"]
[WhiteElo "2512"]
[BlackElo "2485"]
[Result "1-0"]
[Round "05"]
[TimeControl "180+2"]
[Date "2023.03.14"]
[WhiteClock "0:01:03"]
[BlackClock "0:00:24"]

1. Nf3 Nf6 2. g3 g6 3. Bg2 Bg7 4. O-O O-O 5. d4 d5 6. Bf4 c5 7. c3 Nc6 8. dxc5 Ne4 9. Ng5 Nxg5 10. Bxg5 h6 11. Be3 d4 12. cxd4 Nxd4 13. Nc3 e5 14. Ne4 Bg4 15. Bxd4 exd4 16. h3 Be6 17. Nd6 Qd7 18. Kh2 Rab8 19. b4 b6 20. Qc2 bxc5 21. bxc5 d3 22. exd3 Bxa1 23. Rxa1 Rb4 24. Qc3 Rfb8 25. d4 Rb1 26. Rxb1 Rxb1 27. d5 Bf5 28. Qf6 Qa4 29. Qxf7+ Kh8 30. Nxf5 gxf5 31. Qf8+ Kh7 32. Qxf5+ Kg7 33. Qxb1 1-0


[Site "https://www.chess.com"]

[Event "Titled Tuesday Blitz March 14 Early 2023"]
[White "Cornette, Matthieu"]
[Black "Papasimakopoulos, Alexandros"]
[WhiteFideId "620084"]
[BlackFideId "4244125"]
[WhiteElo "2478"]
[BlackElo "2359"]
[Result "1-0"]
[Round "05"]
[TimeControl "180+2"]
[Date "2023.03.14"]
[WhiteClock "0:00:12"]
[BlackClock "0:00:06"]

1. Nc3 d5 2. e4 e6 3. Nf3 Nf6 4. e5 Nfd7 5. d4 c5 6. dxc5 Nc6 7. Bf4 Bxc5 8. Bd3 h6 9. h4 a6 10. h5 b5 11. Rh3 O-O 12. Rg3 Kh8 13. Bxh6 Rg8 14. Qd2 Bf8 15. Bh7 Ndxe5 16. Nxe5 Nxe5 17. Bxg8 gxh6 18. Qf4 Bg7 19. Bxf7 Qf8 20. Rxg7 Qxg7 21. Bg6 Nxg6 22. hxg6 Qxg6 23. O-O-O Qg5 24. Qxg5 hxg5 25. Rh1+ Kg7 26. Rh5 Kg6 27. Rh8 Bb7 28. Rxa8 Bxa8 29. Ne2 e5 30. c3 Kf5 31. Kd2 Bc6 32. f3 g4 33. Ke3 gxf3 34. gxf3 Be8 35. f4 exf4+ 36. Nxf4 Ke5 37. Nd3+ Kd6 38. Kd4 a5 39. Nc5 Bc6 40. Nb3 a4 41. Nc1 Bd7 42. Ne2 Bf5 43. Nf4 Be4 44. a3 Bf3 45. Nd3 Be4 46. Nc5 Bf3 47. Nb7+ Kc6 48. Nd8+ Kd6 49. Nf7+ Ke7 50. Ne5 Bg2 51. Kc5 Ke6 52. Nc6 Be4 53. Nd4+ Ke5 54. Kxb5 Bd3+ 55. Kxa4 Kd6 56. Kb4 Bf1 57. a4 Bd3 58. Ka5 Kc5 59. Nb3+ Kc4 60. Nd2+ Kc5 61. b4+ Kc6 62. Nb3 Bc4 63. b5+ Kc7 64. Kb4 Kb6 65. Nd2 Ba2 66. a5+ Kc7 67. Kc5 Kb7 68. Nf3 Kc7 69. Nd4 Kb7 70. a6+ Ka7 71. Nc6+ Ka8 72. b6 d4 73. b7# 1-0


[Site "https://www.chess.com"]

[Event "Titled Tuesday Blitz March 14 Early 2023"]
[White "Skatchkov, Pavel"]
[Black "Drygalov, Andrey"]
[WhiteFideId "4121848"]
[BlackFideId "24171735"]
[WhiteElo "2476"]
[BlackElo "2471"]
[Result "0-1"]
[Round "05"]
[TimeControl "180+2"]
[Date "2023.03.14"]
[WhiteClock "0:01:47"]
[BlackClock "0:02:26"]

1. d4 Nf6 2. c4 e6 3. Nf3 d5 4. g3 Bb4+ 5. Nbd2 O-O 6. Bg2 b6 7. O-O Bb7 8. Ne5 Qc8 9. cxd5 Bxd5 10. Ndf3 Qb7 11. a3 Bd6 12. b4 Nc6 13. Bb2 Ne7 14. Rc1 a5 15. b5 a4 16. Qd3 Be4 17. Qc4 Qd5 18. Nd2 Bxg2 0-1


[Site "https://www.chess.com"]

[Event "Titled Tuesday Blitz March 14 Early 2023"]
[White "Yuan, Qingyu"]
[Black "Filgueira, Hernan"]
[WhiteFideId "8609772"]
[BlackFideId "101770"]
[WhiteElo "2359"]
[BlackElo "2363"]
[Result "1/2-1/2"]
[Round "05"]
[TimeControl "180+2"]
[Date "2023.03.14"]
[WhiteClock "0:00:04"]
[BlackClock "0:00:22"]

1. e4 e5 2. Nf3 Nf6 3. Nxe5 d6 4. Nf3 Nxe4 5. d3 Nf6 6. d4 Be7 7. Bd3 Bg4 8. h3 Bh5 9. O-O O-O 10. Re1 c5 11. Nbd2 Nc6 12. Be2 Bg6 13. c3 cxd4 14. Nxd4 Nxd4 15. cxd4 d5 16. Nf3 Bb4 17. Bd2 Qb6 18. Bxb4 Qxb4 19. Qd2 Qb6 20. b3 Rac8 21. Rac1 Ne4 22. Qb2 f6 23. Bd3 h6 24. Rc2 Rfe8 25. Rec1 Rxc2 26. Qxc2 Bh5 27. Qc7 Bxf3 28. Qxb6 axb6 29. gxf3 Nd6 30. Bg6 Rc8 31. Re1 Kf8 32. Re6 Rd8 33. a4 Nc8 34. f4 Ne7 35. Bd3 Nc6 36. f5 Kf7 37. Kg2 Re8 38. Rd6 Rd8 39. Re6 Re8 40. Rd6 Rd8 41. Re6 1/2-1/2


[Site "https://www.chess.com"]

[Event "Titled Tuesday Blitz March 14 Early 2023"]
[White "Prokofiev, Valentyn"]
[Black "Zahid, Sanatan"]
[WhiteFideId "14160161"]
[BlackFideId "10201963"]
[WhiteElo "2260"]
[BlackElo "1865"]
[Result "0-1"]
[Round "05"]
[TimeControl "180+2"]
[Date "2023.03.14"]
[WhiteClock "0:01:19"]
[BlackClock "0:01:43"]

1. d4 e6 2. c4 b6 3. Nc3 Bb7 4. d5 Bb4 5. e4 Bxc3+ 6. bxc3 d6 7. dxe6 fxe6 8. e5 Ne7 9. Ne2 O-O 10. Ng3 dxe5 11. Qc2 Nd7 12. Bg5 h6 13. Bd2 Nc5 14. O-O-O Qe8 15. Be3 Nf5 16. Bxc5 bxc5 17. Ne4 Bxe4 18. Qxe4 Qa4 19. Qc2 Qa3+ 20. Qb2 Qa5 21. Bd3 Rab8 22. Qa1 Qa3+ 23. Kc2 Nd4+ 24. cxd4 Rb2+ 0-1


[Site "https://www.chess.com"]

[Event "Titled Tuesday Blitz March 14 Early 2023"]
[White "Pakleza, Zbigniew"]
[Black "Vlassov, Nikolai"]
[WhiteFideId "1119290"]
[BlackFideId "4103360"]
[WhiteElo "2410"]
[BlackElo "2324"]
[Result "1-0"]
[Round "05"]
[TimeControl "180+2"]
[Date "2023.03.14"]
[WhiteClock "0:00:08"]
[BlackClock "0:00:04"]

1. d4 Nf6 2. Nf3 e6 3. Bf4 c5 4. c3 b6 5. Nbd2 Bb7 6. e3 Be7 7. h3 h6 8. Bd3 d6 9. Qe2 Nbd7 10. e4 Qc7 11. O-O g5 12. Bh2 g4 13. hxg4 Nxg4 14. Bg3 h5 15. d5 O-O-O 16. c4 h4 17. Nxh4 Rdg8 18. Ndf3 Nde5 19. Rfd1 Rg7 20. Nxe5 dxe5 21. Nf3 Rgh7 22. Kf1 Bf6 23. Qc2 Kb8 24. Ke2 a6 25. a3 Ka7 26. b4 Qe7 27. Rab1 Rc8 28. Qb3 Rhh8 29. Rdc1 exd5 30. cxd5 Bg7 31. bxc5 b5 32. c6 Ba8 33. Nh4 Nh6 34. a4 Rb8 35. axb5 Rb6 36. f3 f5 37. Bf2 Qc7 38. bxa6 Rb8 39. Nxf5 Nxf5 40. exf5 e4 41. fxe4 1-0


[Site "https://www.chess.com"]

[Event "Titled Tuesday Blitz March 14 Early 2023"]
[White "Jaskolka, Tomasz"]
[Black "Lobanov, Sergei"]
[WhiteFideId "1170791"]
[BlackFideId "24183750"]
[WhiteElo "2155"]
[BlackElo "2489"]
[Result "0-1"]
[Round "05"]
[TimeControl "180+2"]
[Date "2023.03.14"]
[WhiteClock "0:00:08"]
[BlackClock "0:00:40"]

1. d4 Nf6 2. Bf4 d5 3. e3 c5 4. c3 Nc6 5. Nd2 e6 6. Ngf3 Be7 7. Bd3 Nh5 8. Bg3 O-O 9. Ne5 g6 10. f4 f5 11. Bf2 Nf6 12. Qe2 Bd7 13. O-O Nxe5 14. fxe5 Ne4 15. Nxe4 fxe4 16. Bc2 b5 17. Qg4 b4 18. h4 Rf5 19. Bg3 bxc3 20. bxc3 Rc8 21. Bb3 Kh8 22. h5 Rxh5 23. Rf7 Rf5 24. Rf1 Qe8 25. R7xf5 gxf5 26. Qh3 Qg6 27. Bh4 Bg5 28. Bxg5 Qxg5 29. Kh2 cxd4 30. cxd4 Rc3 31. Re1 f4 32. Bxd5 exd5 33. Qxd7 Qg3+ 34. Kg1 Qxe1+ 35. Kh2 Qh4+ 36. Kg1 Rc1# 0-1


[Site "https://www.chess.com"]

[Event "Titled Tuesday Blitz March 14 Early 2023"]
[White "Khoroshev, Nikita"]
[Black "Reprintsev, Alexander"]
[WhiteFideId "14200287"]
[BlackFideId "14100541"]
[WhiteElo "2354"]
[BlackElo "2229"]
[Result "0-1"]
[Round "05"]
[TimeControl "180+2"]
[Date "2023.03.14"]
[WhiteClock "0:00:02"]
[BlackClock "0:00:36"]

1. e4 e5 2. Nf3 Nc6 3. Nc3 Bc5 4. Nxe5 Nxe5 5. d4 Bd6 6. dxe5 Bxe5 7. Bd3 Nf6 8. O-O O-O 9. Ne2 d5 10. f4 Bd6 11. e5 Bc5+ 12. Kh1 Ne4 13. Qe1 f5 14. c3 Qe8 15. Nd4 Qh5 16. Be3 Be7 17. Kg1 Bd7 18. b4 c6 19. a4 b6 20. Nf3 c5 21. b5 Rac8 22. c4 Be6 23. Qc1 Qf7 24. a5 dxc4 25. Bxe4 fxe4 26. Nd2 Bd5 27. f5 Bd8 28. axb6 Bxb6 29. Qc3 Rcd8 30. Rf4 Bb7 31. e6 Qc7 32. Qxc4 Kh8 33. Raf1 Rd3 34. Rxe4 Bxe4 35. Qxe4 Qd6 36. Nc4 Qd5 37. Qg4 Rxe3 38. Nxe3 c4 39. Re1 c3 0-1


[Site "https://www.chess.com"]

[Event "Titled Tuesday Blitz March 14 Early 2023"]
[White "Bas Mas, Jose Joaquin"]
[Black "Rakhmatullaev, Almas"]
[WhiteFideId "22219064"]
[BlackFideId "14205793"]
[WhiteElo "2233"]
[BlackElo "2221"]
[Result "0-1"]
[Round "05"]
[TimeControl "180+2"]
[Date "2023.03.14"]
[WhiteClock "0:00:30"]
[BlackClock "0:00:14"]

1. e4 e5 2. Bc4 Nf6 3. Nc3 Nxe4 4. Nxe4 d5 5. Bb3 dxe4 6. Qe2 Qd4 7. c3 Qd6 8. Qxe4 Nd7 9. d4 Be7 10. Nf3 exd4 11. Bf4 Nc5 12. Bxd6 Nxe4 13. Bxe7 Kxe7 14. Nxd4 Nc5 15. O-O-O c6 16. Bc2 Kf6 17. Rhe1 Rd8 18. h3 h6 19. Re3 Ne6 20. Rf3+ Ke7 21. Nf5+ Kf8 22. Rxd8+ Nxd8 23. Bb3 Bxf5 24. Rxf5 Rc8 25. Kc2 Rc7 26. Bc4 Rd7 27. a4 f6 28. Rf3 Nf7 29. Bxf7 Kxf7 30. Rd3 Re7 31. Kd2 b6 32. Re3 Rd7+ 33. Rd3 Rc7 34. Rd8 Ke7 35. Rg8 Kd6 36. Kd3 Kd5 37. b4 Rd7 38. f4 Ke6+ 39. Ke4 Re7 40. f5+ Kf7+ 0-1


[Site "https://www.chess.com"]

[Event "Titled Tuesday Blitz March 14 Early 2023"]
[White "Buksa, Nataliya"]
[Black "Daneshvar, Bardiya"]
[WhiteFideId "14123622"]
[BlackFideId "12576468"]
[WhiteElo "2316"]
[BlackElo "2468"]
[Result "0-1"]
[Round "05"]
[TimeControl "180+2"]
[Date "2023.03.14"]
[WhiteClock "0:00:30"]
[BlackClock "0:02:09"]

1. d4 b6 2. Nc3 Bb7 3. e4 e6 4. a3 Nf6 5. e5 Nd5 6. Nxd5 Bxd5 7. c4 Bb7 8. Nf3 d6 9. Be2 dxe5 10. dxe5 Qxd1+ 11. Bxd1 Nc6 12. O-O O-O-O 13. Be3 Bc5 14. b4 Bxe3 15. fxe3 h6 16. Bc2 a5 17. b5 Nb8 18. Nd4 Rhf8 19. Rad1 Nd7 20. Nf3 Bxf3 21. gxf3 Nxe5 22. c5 bxc5 23. a4 Nc4 24. Be4 Nxe3 25. Rxd8+ Rxd8 26. Rc1 Rd1+ 27. Rxd1 Nxd1 28. Kf1 Nc3 29. Bc2 Kd7 30. Ke1 Kd6 31. Kd2 Nd5 32. Bd3 Nb6 33. Bc2 c4 34. Kc3 Kc5 35. Bd1 Nd5+ 36. Kd2 Kd4 37. Bc2 Nb6 38. Bd1 c3+ 39. Kc1 Nc4 40. Bb3 Nd2 41. Bc2 Nxf3 0-1


[Site "https://www.chess.com"]

[Event "Titled Tuesday Blitz March 14 Early 2023"]
[White "Lopez Mulet, Inigo"]
[Black "Ibarra Jerez, Jose Carlos"]
[WhiteFideId "22235620"]
[BlackFideId "2226332"]
[WhiteElo "2289"]
[BlackElo "2638"]
[Result "0-1"]
[Round "05"]
[TimeControl "180+2"]
[Date "2023.03.14"]
[WhiteClock "0:00:15"]
[BlackClock "0:00:20"]

1. b3 c5 2. Bb2 d6 3. Nf3 e5 4. e3 Nc6 5. d4 cxd4 6. exd4 e4 7. Nfd2 d5 8. c4 Nf6 9. Nc3 Bb4 10. a3 Bxc3 11. Bxc3 O-O 12. Be2 Qe7 13. O-O e3 14. Nf3 exf2+ 15. Kh1 Ne4 16. Bb2 Rd8 17. Bd3 Bg4 18. Qe2 Rd6 19. Bc1 Nxd4 20. Qe3 Nf5 21. Qf4 Bxf3 22. Qxf5 Rf6 23. Qh3 Qe5 24. gxf3 Qxa1 25. fxe4 Qd4 26. exd5 g6 27. Bg5 Rb6 28. Qg3 Rxb3 29. Qxf2 Qxf2 30. Rxf2 Rxd3 31. Re2 b5 32. cxb5 Rxd5 33. a4 Rxg5 0-1


[Site "https://www.chess.com"]

[Event "Titled Tuesday Blitz March 14 Early 2023"]
[White "Bews, Steven"]
[Black "Mitrabha, Guha"]
[WhiteFideId "2400529"]
[BlackFideId "5057000"]
[WhiteElo "2581"]
[BlackElo "2507"]
[Result "1-0"]
[Round "05"]
[TimeControl "180+2"]
[Date "2023.03.14"]
[WhiteClock "0:00:23"]
[BlackClock "0:00:07"]

1. e4 Nc6 2. Nf3 e5 3. Bb5 Nf6 4. d3 Bc5 5. O-O d6 6. c3 h6 7. Nbd2 a6 8. Ba4 O-O 9. h3 Kh8 10. Bc2 Be6 11. Nb3 Ba7 12. d4 exd4 13. Nfxd4 Nxd4 14. Nxd4 Qe7 15. Re1 Bd7 16. Qf3 Rae8 17. Bd2 Qe5 18. Rad1 Qh5 19. g4 Nxg4 20. hxg4 Bxg4 21. Qg3 Bxd4 22. cxd4 Bf3 23. Qh2 Bxd1 24. Bxd1 Qg6+ 25. Qg2 Qf6 26. Bc3 Qf4 27. Qf3 Qh4 28. Qg4 Qxg4+ 29. Bxg4 f6 30. f4 Re7 31. d5 c6 32. Be6 b5 33. f5 c5 34. Bd2 Rb8 35. Bf4 Rb6 36. Kf2 c4 37. Ke3 Rc7 38. Rc1 a5 39. Kd4 Kh7 40. Bd2 Ra6 41. b3 cxb3 42. Rxc7 b2 43. Rc8 g5 44. fxg6+ Kxg6 45. Rg8+ Kh5 46. Rg1 a4 47. a3 b4 48. Bxb4 Rb6 49. Kc3 Kh4 50. Kxb2 h5 51. Kc2 f5 52. Be1+ Kh3 53. Bxf5+ Kh2 54. Rg5 h4 55. Bxh4 Rb3 56. Bg3+ Kh1 57. e5 Rxa3 58. Be4+ Kg1 59. exd6 Ra2+ 60. Kc3 a3 61. d7 Rb2 62. d8=Q Rb5 63. Be1+ Kf1 64. Qf6+ Ke2 65. Rg2+ Kd1 66. Qf3+ Kc1 67. Rc2+ Kb1 68. Qd1# 1-0


[Site "https://www.chess.com"]

[Event "Titled Tuesday Blitz March 14 Early 2023"]
[White "Hambleton, Aman"]
[Black "Gontcharov, Vladislav"]
[WhiteFideId "2606577"]
[BlackFideId "4123492"]
[WhiteElo "2511"]
[BlackElo "2470"]
[Result "1/2-1/2"]
[Round "05"]
[TimeControl "180+2"]
[Date "2023.03.14"]
[WhiteClock "0:00:02"]
[BlackClock "0:00:12"]

1. e4 e6 2. d3 d5 3. Nd2 c5 4. g3 Nc6 5. Bg2 g6 6. Ngf3 Bg7 7. O-O Nf6 8. Re1 O-O 9. Qe2 a5 10. Nf1 a4 11. a3 h6 12. h4 b6 13. e5 Nd7 14. Bf4 Ba6 15. Qd2 Kh7 16. N1h2 Ne7 17. Ng4 Nf5 18. Rad1 b5 19. c3 Rb8 20. d4 b4 21. cxb4 cxb4 22. axb4 Qb6 23. h5 Qxb4 24. hxg6+ fxg6 25. Rc1 Qxd2 26. Bxd2 Rxb2 27. Rc7 Rb7 28. Rxb7 Bxb7 29. Rb1 Bc6 30. Rc1 Bb5 31. Rc7 Ra8 32. Rb7 Rb8 33. Ra7 Kg8 34. Bh3 Be2 35. Kg2 Bxf3+ 36. Kxf3 Nxd4+ 37. Kg2 Nxe5 38. Nxh6+ Bxh6 39. Bxh6 Rb2 40. Rxa4 Nf5 41. Bf4 Nd3 42. Bxf5 Nxf4+ 43. gxf4 gxf5 44. Ra7 Kf8 45. Kf3 Rb3+ 46. Ke2 Rb4 47. Ke3 Re4+ 48. Kf3 Ke8 49. Rb7 d4 50. Ra7 d3 51. Ra2 Ke7 52. Rd2 Rd4 53. Ke3 Rd5 54. Rxd3 Kd6 55. Rd4 Kc5 56. Ra4 Rd1 57. Ra5+ Kd6 58. Ra6+ Ke7 59. Ra7+ Kf6 60. Ra6 Re1+ 61. Kf3 Rh1 62. Kg2 Rb1 63. Kg3 Rb3+ 64. Kg2 Rb5 65. Ra8 Rc5 66. Rf8+ Ke7 67. Rh8 Kd6 68. Kg3 Rc3+ 69. f3 Rc1 70. Rh7 Rg1+ 71. Kf2 Rg8 72. Ra7 Rc8 73. Kg3 Rc3 74. Rb7 Kd5 75. Rd7+ Kc6 76. Rd8 Ra3 77. Rd1 Rb3 78. Kf2 Rb5 79. Kg3 Rd5 80. Ra1 Kd6 81. Ra7 Rd2 82. Rb7 Rc2 83. Rb6+ Ke7 84. Rb8 Kf6 85. Rh8 Rc6 86. Rh6+ Kg7 87. Rh2 Rc1 88. Rd2 Rg1+ 89. Kf2 Rg6 90. Ke3 Kf6 91. Kd4 Rg1 92. Rd3 Re1 93. Ra3 Rd1+ 94. Ke3 Re1+ 95. Kf2 Rc1 96. Kg2 Rc2+ 97. Kg3 Rc6 98. Ra4 Rc5 99. Rb4 Kg6 100. Rb6 Kf6 101. Rb2 Rd5 102. Kh4 Rd4 103. Kg3 Rd1 104. Rg2 Rf1 105. Rh2 e5 106. fxe5+ Kxe5 107. Re2+ Kf6 108. Rb2 Kg5 109. Rb5 Rg1+ 110. Kf2 Rc1 111. Rb4 Rc3 112. Kg3 Rc5 113. Rb8 Rc4 114. Rg8+ Kf6 115. Rf8+ Kg6 116. Rg8+ Kf6 117. Kh3 Rc3 118. Kg3 Rc4 1/2-1/2


[Site "https://www.chess.com"]

[Event "Titled Tuesday Blitz March 14 Early 2023"]
[White "Santos Ruiz, Miguel"]
[Black "Sokac, Marko"]
[WhiteFideId "22291482"]
[BlackFideId "14531356"]
[WhiteElo "2504"]
[BlackElo "2355"]
[Result "1/2-1/2"]
[Round "05"]
[TimeControl "180+2"]
[Date "2023.03.14"]
[WhiteClock "0:00:14"]
[BlackClock "0:00:10"]

1. e4 d6 2. d4 Nf6 3. Nc3 c6 4. f4 Qa5 5. Bd3 e5 6. Nf3 exd4 7. Nxd4 Qb6 8. Nf3 g6 9. Qe2 Bg7 10. Rb1 O-O 11. Be3 Qc7 12. O-O b5 13. e5 Ng4 14. exd6 Qxd6 15. Ne4 Qc7 16. Bc5 Rd8 17. h3 Nf6 18. Nxf6+ Bxf6 19. f5 Nd7 20. Be3 Re8 21. Qf2 Bg7 22. Ng5 Ne5 23. f6 Nxd3 24. Qh4 h5 25. fxg7 Rxe3 26. Rxf7 Qb6 27. Kh1 Re5 28. Rbf1 Be6 29. Nxe6 Rxe6 30. Rf8+ Kxg7 31. Rxa8 Ne5 32. Qf4 Qc5 33. Qf8+ Qxf8 34. Raxf8 Nc4 35. b3 Nd2 36. R1f7+ Kh6 37. Rh8+ Kg5 38. Rd7 Re1+ 39. Kh2 Nf1+ 40. Kg1 Ne3+ 41. Kf2 Nxc2 42. Rhd8 Rc1 43. g3 Nb4 44. Rd4 Rc2+ 45. Kf3 Nd5 46. h4+ Kf5 47. Rf8+ Ke5 48. Re4+ Kd6 49. Rg8 Rc3+ 50. Kf2 Rc2+ 51. Re2 Rc3 52. Rxg6+ Kc5 53. Rg5 Kd4 54. Rxh5 Rc1 55. Rg5 Nc3 56. Rg4+ Kc5 57. Re5+ Kd6 58. Rf5 Nd1+ 59. Ke2 Nc3+ 60. Kd2 Nxa2 61. Rg6+ Kc7 62. h5 Rh1 63. h6 Nb4 64. Rf7+ Kb6 65. h7 Rh2+ 66. Ke3 Nd5+ 67. Kf3 Rh1 68. Rg4 Nf6 69. Rxf6 Rxh7 70. Rgg6 Rc7 71. g4 a5 72. g5 a4 73. bxa4 bxa4 74. Rf4 Kb5 75. Re6 a3 76. Re1 Ra7 77. Ra1 a2 78. g6 c5 79. g7 Rxg7 80. Rxa2 c4 81. Rb2+ Kc5 82. Rc2 Ra7 83. Rcxc4+ Kd5 84. Rfd4+ Ke5 85. Rd3 Rf7+ 86. Ke3 Rh7 87. Re4+ Kf5 88. Rd5+ Kf6 89. Kd4 Rh1 90. Rd6+ Kf5 91. Rd5+ Kf6 92. Re3 Rd1+ 93. Ke4 Ra1 94. Rf5+ Ke6 95. Rg3 Ra4+ 96. Kd3 Ra3+ 97. Kc4 Rxg3 98. Ra5 Rg4+ 99. Kb5 Rg5+ 100. Kb6 Rxa5 101. Kxa5 1/2-1/2


[Site "https://www.chess.com"]

[Event "Titled Tuesday Blitz March 14 Early 2023"]
[White "Safin, Robert"]
[Black "Postny, Evgeny"]
[WhiteFideId "34189120"]
[BlackFideId "2804344"]
[WhiteElo "2245"]
[BlackElo "2509"]
[Result "1-0"]
[Round "05"]
[TimeControl "180+2"]
[Date "2023.03.14"]
[WhiteClock "0:00:09"]
[BlackClock "0:01:03"]

1. e4 c5 2. c3 b6 3. d4 Bb7 4. Bd3 g6 5. Nf3 Bg7 6. O-O Nf6 7. e5 Nd5 8. dxc5 bxc5 9. Be4 Ne3 10. Qd3 Bxe4 11. Qxe4 Nxf1 12. Qxa8 Nxh2 13. Kxh2 O-O 14. Nbd2 Qc7 15. Qe4 Nc6 16. Nc4 f5 17. Qd5+ Kh8 18. Bf4 Nd8 19. Rd1 Ne6 20. g3 Rd8 21. Ng5 Nxg5 22. Bxg5 Bf8 23. Qf7 Qc6 24. Bxe7 Bxe7 25. Qxe7 Qa8 26. Nd6 Kg8 27. Qf7+ Kh8 28. Rd2 Rf8 29. Qe7 Kg8 30. Qxd7 Qf3 31. Qe6+ Kh8 32. Qd5 Qh5+ 33. Kg1 f4 34. e6 Qh3 35. e7 Rb8 36. e8=Q+ Rxe8 37. Nxe8 Qh6 38. Qe5+ Kg8 39. Qg7+ Qxg7 40. Nxg7 Kxg7 41. gxf4 Kf6 42. Kg2 1-0


[Site "https://www.chess.com"]

[Event "Titled Tuesday Blitz March 14 Early 2023"]
[White "Smirnov, Pavel"]
[Black "Tokhirjonova, Gulrukhbegim"]
[WhiteFideId "4123425"]
[BlackFideId "14203626"]
[WhiteElo "2519"]
[BlackElo "2268"]
[Result "1-0"]
[Round "05"]
[TimeControl "180+2"]
[Date "2023.03.14"]
[WhiteClock "0:00:19"]
[BlackClock "0:00:02"]

1. d4 Nf6 2. c4 g6 3. g3 Bg7 4. Nf3 d5 5. Bg2 O-O 6. cxd5 Nxd5 7. O-O Bf5 8. Nh4 Bg4 9. h3 Bc8 10. e4 Nb6 11. Nf3 c5 12. d5 e6 13. Nc3 Na6 14. Bg5 Qd7 15. Qd2 exd5 16. Nxd5 Nxd5 17. exd5 Nb4 18. d6 Qb5 19. Be7 Re8 20. Rad1 Bd7 21. Ng5 h6 22. Nxf7 Kxf7 23. a3 Kg8 24. axb4 Qxb4 25. Qxb4 cxb4 26. Bxb7 Rab8 27. Bd5+ Kh7 28. b3 Bxh3 29. Rfe1 Bd7 30. Re4 Bf5 31. Rc4 Rec8 32. Rc7 Rxc7 33. dxc7 Rc8 34. Bd8 Be5 35. Bb7 Rxc7 36. Bxc7 Bxc7 37. Be4 Bb6 38. Bxf5 gxf5 39. Kg2 Kg6 40. Kf3 Kg5 41. Rd6 h5 42. Rc6 h4 43. gxh4+ Kxh4 44. Rc4+ Kg5 45. Rxb4 Kf6 46. Rb5 Ke6 47. Ke2 Kf6 48. f4 Bc7 49. Kf3 Bb6 50. Rd5 Ke6 51. Rd1 Kf6 52. Rh1 Ke6 53. Rh6+ Ke7 54. b4 Bc7 55. b5 Bb6 56. Rg6 Bc5 57. Rc6 Bb6 58. Kg3 Be3 59. Kf3 Bb6 60. Ke2 Bd4 61. Kd3 Bb6 62. Kc4 Be3 63. Ra6 Bxf4 64. Rxa7+ Kd6 65. Rf7 Ke6 66. Rh7 Be3 67. Kd3 1-0


[Site "https://www.chess.com"]

[Event "Titled Tuesday Blitz March 14 Early 2023"]
[White "Dehtiarov, Roman"]
[Black "Yurovskykh, Oleksandr"]
[WhiteFideId "14186640"]
[BlackFideId "14134020"]
[WhiteElo "2162"]
[BlackElo "2268"]
[Result "1/2-1/2"]
[Round "05"]
[TimeControl "180+2"]
[Date "2023.03.14"]
[WhiteClock "0:00:16"]
[BlackClock "0:00:05"]

1. e4 d5 2. exd5 Qxd5 3. Nc3 Qd8 4. Nf3 Bg4 5. Bc4 e6 6. O-O Nd7 7. h3 Bh5 8. d4 c6 9. Bf4 Ngf6 10. Be2 Be7 11. Re1 O-O 12. Qd2 Nd5 13. Bh2 Nxc3 14. Qxc3 Nf6 15. Qd2 Bd6 16. Bxd6 Qxd6 17. c3 Rad8 18. Qg5 h6 19. Qa5 a6 20. Ne5 Bxe2 21. Rxe2 Nd7 22. Rae1 Nxe5 23. Rxe5 Rd7 24. f4 g6 25. g4 Qc7 26. Qxc7 Rxc7 27. f5 exf5 28. gxf5 gxf5 29. Rxf5 Rd8 30. Rfe5 Rd6 31. Kf2 Kg7 32. Ke3 Re6 33. Rxe6 fxe6 34. Ke4 Rf7 35. Ke5 Rf2 36. Ra1 Rxb2 37. Kxe6 Rc2 38. Rg1+ Kh7 39. Rg3 Rxa2 40. c4 Re2+ 41. Kd6 Rd2 42. d5 cxd5 43. cxd5 b5 44. Ra3 b4 45. Rxa6 b3 46. Rb6 b2 47. Ke6 Kg6 48. d6 Re2+ 49. Kd7 Kf7 50. Kd8 h5 51. d7 Rc2 52. h4 Kf8 53. Rb5 Kf7 54. Rb3 Kf8 55. Rb5 Kf7 56. Rb8 Kf8 57. Rb5 1/2-1/2


[Site "https://www.chess.com"]